[Event "Gibraltar Masters 18th"]
[Site "Gibraltar"]
[Date "2020.01.25"]
[Round "5.57"]
[White "Nandhidhaa, P V."]
[Black "Di Berardino, Diego Rafael"]
[Result "1-0"]
[ECO "C48"]
[WhiteElo "2312"]
[BlackElo "2478"]
[PlyCount "75"]
[EventDate "2020.01.21"]
[EventType "swiss"]
[EventRounds "10"]
[EventCountry "GGB"]
[SourceTitle "BritBase"]
[Source "John Saunders"]
[SourceDate "2021.06.05"]
[SourceVersion "1"]
[SourceVersionDate "2021.06.05"]
[SourceQuality "1"]
[TimeControl "40/100:0"]

1. e4 e5 2. Nf3 Nc6 3. Nc3 Nf6 4. Bb5 Nd4 5. O-O Nxb5 6.
Nxb5 c6 7. Nc3 d6 8. d4 Qc7 9. h3 b5 10. Re1 Be7 11. Qd3 h6 12. a4 b4 13. Ne2 O-O 14. Ng3 Re8 15. dxe5 dxe5 16. Nh4 Bf8 17. Nhf5 Kh7 18. Qf3 Ng8 19. b3 g6 20. Ne3 a5 21. Bb2 Be6 22. Rad1 Rad8 23. Ngf1 h5 24. Nd2 Bh6 25. Ndc4 f6 26. Rxd8 Rxd8 27. Rd1 Rxd1+ 28. Qxd1 Bf8 29. Qd3 Nh6 30. Bc1 Nf7 31. Nd1 Nd8 32. Ndb2 Nb7 33. Qf3 Qd8 34. Be3 Nc5 35. Nxa5 Qxa5 36. Qxf6 Bg7 37. Qe7 Bxb3 38. Qxc5 1-0

[Event "Gibraltar Masters 18th"]
[Site "Gibraltar"]
[Date "2020.01.26"]
[Round "6.1"]
[White "Cheparinov, Ivan"]
[Black "Esipenko, Andrey"]
[Result "0-1"]
[ECO "E05"]
[WhiteElo "2686"]
[BlackElo "2654"]
[PlyCount "102"]
[EventDate "2020.01.21"]
[EventType "swiss"]
[EventRounds "10"]
[EventCountry "GGB"]
[SourceTitle "BritBase"]
[Source "John Saunders"]
[SourceDate "2021.06.05"]
[SourceVersion "1"]
[SourceVersionDate "2021.06.05"]
[SourceQuality "1"]
[TimeControl "40/100:0"]
[WhiteClock "0:11:07"]
[BlackClock "0:25:10"]

1. d4 Nf6 2. c4 e6 3. g3 d5 4. Nf3 Be7 5. Bg2 O-O 6. O-O dxc4 7. Qc2 a6 8. a4 Bd7 9. Qxc4 Bc6 10. Bg5 Nbd7 11. Nbd2 h6 12. Bxf6 Nxf6 13. Rfd1 a5 14. Rac1 Bd6 15. Ne5 Bxg2 16. Kxg2 c6 17. Nd3 Qb6 18. Qb3 Qxb3 19. Nxb3 Rfd8 20. Kf3 Nd5 21. Nbc5 Ra7 22. e4 Ne7 23. Ke3 b6 24. Nb3 Rad7 25. Rd2 f6 26. Rdc2 Kf7 27. Ke2 Bb8 28. Ne1 g5 29. Nf3 Bd6 30. h4 g4 31. Nfd2 Bb4 32. Nf1 c5 33. dxc5 Rd3 34. Nbd2 bxc5 35. Nc4 Nc6 36. Nfe3 h5 37. Rb1 R3d4 38. e5 fxe5 39. Kf1 Kf6 40. Rcc1 e4 41. Ng2 e5 42. Nge3 Ke6 43. Nd1 Bd2 44. Nxd2 Rxd2 45. Nc3 Kf5 46. Re1 R8d4 47. Re2 Rxe2 48. Kxe2 Rb4 49. Ke3 Rb3 50. Rd1 Nd4 51. Rd2 c4 0-1

[Event "Gibraltar Masters 18th"]
[Site "Gibraltar"]
[Date "2020.01.26"]
[Round "6.2"]
[White "Maghsoodloo, Parham"]
[Black "Paravyan, David"]
[Result "1/2-1/2"]
[ECO "D85"]
[WhiteElo "2674"]
[BlackElo "2629"]
[PlyCount "61"]
[EventDate "2020.01.21"]
[EventType "swiss"]
[EventRounds "10"]
[EventCountry "GGB"]
[SourceTitle "BritBase"]
[Source "John Saunders"]
[SourceDate "2021.06.05"]
[SourceVersion "1"]
[SourceVersionDate "2021.06.05"]
[SourceQuality "1"]
[TimeControl "40/100:0"]
[WhiteClock "0:27:37"]
[BlackClock "0:28:39"]

1. d4 Nf6 2. c4 g6 3. Nc3 d5 4. cxd5 Nxd5 5. e4 Nxc3 6. bxc3 Bg7 7. Qa4+ Nd7 8. Nf3 O-O 9. Be2 Nb6 10. Qa5 Bg4 11. O-O Qc8 12. h3 Bxf3 13.
Bxf3 e5 14. d5 c6 15. Rb1 Re8 16. d6 Bf8 17. Bg4 Qd8 18. d7 Nxd7 19. Qxd8 Raxd8 20. Rxb7 Nc5 21. Rc7 Nxe4 22. Rxc6 h5 23. Bf3 Nd2 24. Re1 Nxf3+ 25. gxf3 Rc8 26. Rxc8 Rxc8 27. Rxe5 Bg7 28. Ra5 Bxc3 29. Ra6 Bd4 30. Be3 Bxe3 31. fxe3 1/2-1/2

[Event "Gibraltar Masters 18th"]
[Site "Gibraltar"]
[Date "2020.01.26"]
[Round "6.3"]
[White "Praggnanandhaa, Rameshbabu"]
[Black "Topalov, Veselin"]
[Result "1-0"]
[ECO "C11"]
[WhiteElo "2602"]
[BlackElo "2738"]
[PlyCount "65"]
[EventDate "2020.01.21"]
[EventType "swiss"]
[EventRounds "10"]
[EventCountry "GGB"]
[SourceTitle "BritBase"]
[Source "John Saunders"]
[SourceDate "2021.06.05"]
[SourceVersion "1"]
[SourceVersionDate "2021.06.05"]
[SourceQuality "1"]
[TimeControl "40/100:0"]
[WhiteClock "0:07:26"]
[BlackClock "0:30:58"]

1. e4 e6 2. d4 d5 3. Nc3 Nf6 4. e5 Nfd7 5. f4 c5 6. Nf3 Be7 7. Be3 b6 8. Qd2 Nc6 9. Be2 O-O 10. O-O cxd4 11. Nxd4 Nxd4 12. Bxd4 Nb8 13. Bf2 Ba6 14. Bxa6 Nxa6 15. f5 exf5 16. Nxd5 Nb4 17. c4 Rc8 18. a3 Nc6 19. Rfe1 Bc5 20. b4 Bxf2+ 21. Qxf2 Qd7 22. Qh4 Qd8 23. Nf6+ gxf6 24. Rad1 Nxe5 25. Rxd8 Rfxd8 26. Qxf6 Ng6 27. h4 h5 28. Rf1 f4 29. g4 Rd3 30. gxh5 Rg3+ 31. Kf2 Nxh4 32. Qxh4 Rxc4 33. Re1 1-0

[Event "Gibraltar Masters 18th"]
[Site "Gibraltar"]
[Date "2020.01.26"]
[Round "6.4"]
[White "Antipov, Mikhail Al."]
[Black "Jones, Gawain C B"]
[Result "1-0"]
[ECO "C54"]
[WhiteElo "2562"]
[BlackElo "2679"]
[PlyCount "99"]
[EventDate "2020.01.21"]
[EventType "swiss"]
[EventRounds "10"]
[EventCountry "GGB"]
[SourceTitle "BritBase"]
[Source "John Saunders"]
[SourceDate "2021.06.05"]
[SourceVersion "1"]
[SourceVersionDate "2021.06.05"]
[SourceQuality "1"]
[TimeControl "40/100:0"]
[WhiteClock "0:50:12"]
[BlackClock "0:42:56"]

1. e4 e5 2. Nf3 Nc6 3. Bc4 Nf6 4. d3 Bc5 5. O-O d6 6. c3 a5 7. Re1 O-O 8. h3 Be6 9. Bb5 Bd7 10. a4 Ba7 11. Nbd2 Ne7 12. d4 Ng6 13.
Bd3 c6 14. Nf1 Nh5 15. Be3 Nhf4 16. Ng3 exd4 17. cxd4 d5 18. e5 Nxd3 19. Qxd3 f6 20. Re2 f5 21. Bg5 Qc8 22. Nh5 f4 23. Rae1 Bf5 24. Qb3 Be6 25. Bf6 gxf6 26. exf6 Bf5 27. Ng5 h6 28. Re8 hxg5 29. Rxc8 Raxc8 30. Ng7 Nh4 31. Nxf5 Nxf5 32. Qxb7 Bxd4 33. Qd7 Bxf6 34. Qxf5 Rc7 35. Re6 Bxb2 36. Qxg5+ Rg7 37. Qh5 f3 38. g4 Rd7 39. Rxc6 Bg7 40. Qg6 Re7 41. Rd6 Rfe8 42. Rxd5 Re6 43. Qd3 Re1+ 44. Kh2 Be5+ 45. Rxe5 R1xe5 46. Qg6+ Kf8 47. Qf6+ Kg8 48.
Kg3 Rc5 49. Qg6+ Kf8 50. Qd6+ 1-0

[Event "Gibraltar Masters 18th"]
[Site "Gibraltar"]
[Date "2020.01.26"]
[Round "6.5"]
[White "Narayanan, SL."]
[Black "Yuffa, Daniil"]
[Result "1/2-1/2"]
[ECO "B12"]
[WhiteElo "2637"]
[BlackElo "2566"]
[PlyCount "59"]
[EventDate "2020.01.21"]
[EventType "swiss"]
[EventRounds "10"]
[EventCountry "GGB"]
[SourceTitle "BritBase"]
[Source "John Saunders"]
[SourceDate "2021.06.05"]
[SourceVersion "1"]
[SourceVersionDate "2021.06.05"]
[SourceQuality "1"]
[TimeControl "40/100:0"]
[WhiteClock "0:20:32"]
[BlackClock "0:36:28"]

1. e4 c6 2. d4 d5 3. e5 Bf5 4. h4 h5 5. Bd3 Bxd3 6. Qxd3 Qa5+ 7. Nd2 e6 8.
Ngf3 Ne7 9. O-O Nf5 10. a4 Be7 11. Nb3 Qa6 12. Qd1 Nd7 13.
g3 c5 14. dxc5 Nxc5 15. Nbd4 Nxd4 16. Nxd4 Ne4 17. Kg2 Rc8 18. Be3 Qc4 19. f3 Nc5 20. Re1 a6 21. Bf2 Nd7 22. c3 g6 23. a5 Qc7 24. Qe2 Qd8 25. Qc2 Rg8 26. Ra4 Nc5 27. Raa1 Nd7 28. Ra4 Nc5 29. Raa1 Nd7 30. Ra4 1/2-1/2

[Event "Gibraltar Masters 18th"]
[Site "Gibraltar"]
[Date "2020.01.26"]
[Round "6.6"]
[White "Kobalia, Mikhail"]
[Black "Hjartarson, Johann"]
[Result "1-0"]
[ECO "B07"]
[WhiteElo "2609"]
[BlackElo "2524"]
[PlyCount "55"]
[EventDate "2020.01.21"]
[EventType "swiss"]
[EventRounds "10"]
[EventCountry "GGB"]
[SourceTitle "BritBase"]
[Source "John Saunders"]
[SourceDate "2021.06.05"]
[SourceVersion "1"]
[SourceVersionDate "2021.06.05"]
[SourceQuality "1"]
[TimeControl "40/100:0"]
[WhiteClock "0:34:42"]
[BlackClock "0:28:04"]

1. e4 g6 2. d4 Bg7 3. Nf3 d6 4. Bc4 Nf6 5. Qe2 O-O 6. Nbd2 Bg4 7. h3 Bxf3 8.
Nxf3 Nc6 9. e5 dxe5 10. dxe5 Nd5 11. Bg5 Nb6 12. Rd1 Qe8 13. Bd3 f5 14. exf6 exf6 15. Be3 Nb4 16. Bc4+ Kh8 17. O-O Nxc4 18. Qxc4 Nc6 19. Bc5 Qf7 20. Qb5 Rfb8 21. Nd4 Qxa2 22. Nxc6 bxc6 23. Qxc6 Qxb2 24. Rd7 f5 25. Re1 Rg8 26. Rxg7 Qxg7 27. Bb4 Rad8 28. Bc3 1-0

[Event "Gibraltar Masters 18th"]
[Site "Gibraltar"]
[Date "2020.01.26"]
[Round "6.7"]
[White "Kotronias, Vasilios"]
[Black "Pichot, Alan"]
[Result "0-1"]
[ECO "C88"]
[WhiteElo "2526"]
[BlackElo "2606"]
[PlyCount "72"]
[EventDate "2020.01.21"]
[EventType "swiss"]
[EventRounds "10"]
[EventCountry "GGB"]
[SourceTitle "BritBase"]
[Source "John Saunders"]
[SourceDate "2021.06.05"]
[SourceVersion "1"]
[SourceVersionDate "2021.06.05"]
[SourceQuality "1"]
[TimeControl "40/100:0"]
[WhiteClock "0:00:50"]
[BlackClock "0:06:53"]

1. e4 e5 2. Nf3 Nc6 3. Bb5 a6 4. Ba4 Nf6 5. O-O b5 6. Bb3 Bb7 7. d3 Be7 8. Nbd2 O-O 9. Re1 d6 10. a3 Qd7 11. Nf1 Nd8 12. Ng3 Ne6 13.
Nf5 Bd8 14. c3 c5 15. Bc2 g6 16. Ng3 Re8 17. a4 h5 18. h3 Bc7 19. axb5 axb5 20. Rxa8 Bxa8 21. Ng5 d5 22. Nxe6 Rxe6 23. exd5 Bxd5 24. Ne4 Qc6 25. b3 c4 26. bxc4 bxc4 27. Bg5 Nh7 28. dxc4 Qxc4 29. Bh6 Nf6 30. Nxf6+ Rxf6 31. Bg5 Re6 32. Qd2 Qc6 33. Ba4 Qa8 34. Re3 Bxg2 35. Qd7 Bb6 36. Bb3 Bc6 0-1

[Event "Gibraltar Masters 18th"]
[Site "Gibraltar"]
[Date "2020.01.26"]
[Round "6.8"]
[White "Mamedyarov, Shakhriyar"]
[Black "Aryan, Chopra"]
[Result "1/2-1/2"]
[ECO "D85"]
[WhiteElo "2770"]
[BlackElo "2562"]
[PlyCount "67"]
[EventDate "2020.01.21"]
[EventType "swiss"]
[EventRounds "10"]
[EventCountry "GGB"]
[SourceTitle "BritBase"]
[Source "John Saunders"]
[SourceDate "2021.06.05"]
[SourceVersion "1"]
[SourceVersionDate "2021.06.05"]
[SourceQuality "1"]
[TimeControl "40/100:0"]
[WhiteClock "0:54:28"]
[BlackClock "0:24:29"]

1. d4 Nf6 2. c4 g6 3. Nc3 d5 4. cxd5 Nxd5 5. e4 Nxc3 6. bxc3 Bg7 7. Nf3 c5 8. Bb5+ Nc6 9. Rb1 O-O 10. d5 Bxc3+ 11. Bd2 Bxd2+ 12. Qxd2 Nd4 13. Nxd4 cxd4 14. Qxd4 Qa5+ 15. Qd2 Qxd2+ 16.
Kxd2 Rd8 17. Ke3 a6 18. Bc4 b5 19. Bb3 Bd7 20. Rhc1 Kf8 21.
Rc7 a5 22. a3 Ke8 23. Rbc1 Rdb8 24. e5 Ra6 25. f4 Kd8 26. R7c5 a4 27. Ba2 b4 28. Bc4 Rab6 29. axb4 Rxb4 30. e6 fxe6 31. dxe6 Rc8 32. Bd5 Rxc5 33. Rxc5 Rb5 34. Kd4 1/2-1/2

[Event "Gibraltar Masters 18th"]
[Site "Gibraltar"]
[Date "2020.01.26"]
[Round "6.9"]
[White "Vachier-Lagrave, Maxime"]
[Black "Peralta, Fernando"]
[Result "1-0"]
[ECO "C02"]
[WhiteElo "2770"]
[BlackElo "2574"]
[PlyCount "65"]
[EventDate "2020.01.21"]
[EventType "swiss"]
[EventRounds "10"]
[EventCountry "GGB"]
[SourceTitle "BritBase"]
[Source "John Saunders"]
[SourceDate "2021.06.05"]
[SourceVersion "1"]
[SourceVersionDate "2021.06.05"]
[SourceQuality "1"]
[TimeControl "40/100:0"]
[WhiteClock "0:57:05"]
[BlackClock "0:06:44"]

1. e4 e6 2. d4 d5 3. e5 c5 4. c3 Nc6 5. Nf3 Qb6 6. Be2 cxd4 7. cxd4 Nge7 8.
Na3 Nf5 9. Nc2 Bd7 10. O-O Na5 11. h4 h5 12. Ne3 Nxe3 13. fxe3 Be7 14. Ng5 Bxg5 15. hxg5 Nc6 16. Bxh5 g6 17. Be2 Rh7 18. Qb3 Qc7 19. Bd2 O-O-O 20. Rf6 Rdh8 21. Kf2 Kb8 22. Qa3 Be8 23. Rc1 Rh1 24. Rc2 Rb1 25. Qd6 Qxd6 26. exd6 Kc8 27. b4 Kd7 28. b5 Nb4 29. Rc7+ Kxd6 30. Rxb7 Nxa2 31. e4 dxe4 32. Bf4+ Kd5 33. Rc7 1-0

[Event "Gibraltar Masters 18th"]
[Site "Gibraltar"]
[Date "2020.01.26"]
[Round "6.10"]
[White "Sanal, Vahap"]
[Black "Le, Quang Liem"]
[Result "1-0"]
[ECO "B67"]
[WhiteElo "2569"]
[BlackElo "2713"]
[PlyCount "67"]
[EventDate "2020.01.21"]
[EventType "swiss"]
[EventRounds "10"]
[EventCountry "GGB"]
[SourceTitle "BritBase"]
[Source "John Saunders"]
[SourceDate "2021.06.05"]
[SourceVersion "1"]
[SourceVersionDate "2021.06.05"]
[SourceQuality "1"]
[TimeControl "40/100:0"]
[WhiteClock "0:17:33"]
[BlackClock "0:19:01"]

1. e4 c5 2. Nc3 d6 3. Nge2 Nf6 4. d4 cxd4 5. Nxd4 Nc6 6. Bg5 e6 7. Qd2 a6 8. O-O-O Bd7 9. f4 b5 10. Bxf6 gxf6 11. Kb1 Qb6 12. Nce2 Rc8 13. h4 Rg8 14. Rh3 b4 15. Re3 Na5 16. b3 Nb7 17. Ng3 Qa5 18.
Qe2 Rc3 19. Nh5 Be7 20. g4 Rxe3 21. Qxe3 Rxg4 22. e5 fxe5 23. Qf3 Rg1 24. fxe5 Qd5 25. Qf2 Rh1 26. Ng7+ Kd8 27. Ndxe6+ fxe6 28. Rxd5 exd5 29. Qg2 Rxh4 30. Qxd5 Kc7 31. Ne6+ Bxe6 32. Qxe6 Bg5 33. Bg2 Rf4 34. Qd5 1-0

[Event "Gibraltar Masters 18th"]
[Site "Gibraltar"]
[Date "2020.01.26"]
[Round "6.11"]
[White "Alekseenko, Kirill"]
[Black "Kaidanov, Gregory"]
[Result "1-0"]
[ECO "C77"]
[WhiteElo "2704"]
[BlackElo "2546"]
[PlyCount "77"]
[EventDate "2020.01.21"]
[EventType "swiss"]
[EventRounds "10"]
[EventCountry "GGB"]
[SourceTitle "BritBase"]
[Source "John Saunders"]
[SourceDate "2021.06.05"]
[SourceVersion "1"]
[SourceVersionDate "2021.06.05"]
[SourceQuality "1"]
[TimeControl "40/100:0"]
[WhiteClock "0:09:46"]
[BlackClock "0:02:10"]

1. e4 e5 2. Nf3 Nc6 3. Bb5 a6 4. Ba4 Nf6 5. d3 d6 6. c3 g6 7. O-O Bg7 8. h3 O-O 9. Be3 Bd7 10. Nbd2 Re8 11. b4 h6 12. Bc2 d5 13.
Nb3 b6 14. a4 Be6 15. a5 Qb8 16. Nfd2 d4 17. cxd4 exd4 18. Bxd4 Bxb3 19. Nxb3 Nxd4 20. Nxd4 Nxe4 21. dxe4 Rd8 22. Qf3 Rxd4 23.
Bb3 Qe8 24. Rac1 Qe7 25. Rc6 Rf8 26. axb6 cxb6 27. Rxg6 Kh8 28. Rxb6 Qxe4 29. Qh5 Kg8 30. Rg6 Rxb4 31. Bd5 Qd4 32. Rd1 Qc3 33. Qxh6 Rb5 34. Rg4 Rb4 35. Bxf7+ Rxf7 36. Rd8+ Rf8 37. Rxf8+ Kxf8 38. Qd6+ Ke8 39. Qxb4 1-0

[Event "Gibraltar Masters 18th"]
[Site "Gibraltar"]
[Date "2020.01.26"]
[Round "6.13"]
[White "Maze, Sebastien"]
[Black "Saric, Ivan"]
[Result "1/2-1/2"]
[ECO "B51"]
[WhiteElo "2550"]
[BlackElo "2655"]
[PlyCount "60"]
[EventDate "2020.01.21"]
[EventType "swiss"]
[EventRounds "10"]
[EventCountry "GGB"]
[SourceTitle "BritBase"]
[Source "John Saunders"]
[SourceDate "2021.06.05"]
[SourceVersion "1"]
[SourceVersionDate "2021.06.05"]
[SourceQuality "1"]
[TimeControl "40/100:0"]
[WhiteClock "1:06:57"]
[BlackClock "0:49:19"]

1. e4 c5 2. Nf3 d6 3. Bb5+ Nd7 4. Ba4 Ngf6 5. O-O e6 6. d4 cxd4 7. Qxd4 Be7 8. c4 e5 9. Bxd7+ Bxd7 10. Qd3 h6 11. Nc3 a6 12. b3 O-O 13. a4 b5 14. axb5 axb5 15. Rxa8 Qxa8 16. cxb5 Rb8 17. Bb2 Qb7 18. Ra1 Bxb5 19. Nxb5 Qxb5 20. Qxb5 Rxb5 21. Nd2 d5 22. exd5 Rxd5 23. Nc4 Rd3 24. Bxe5 Rxb3 25. Bxf6 Bxf6 26. Rd1 g6 27. Kf1 h5 28. Ne3 Rb7 29. Nd5 Kg7 30. Nxf6 Kxf6 1/2-1/2

[Event "Gibraltar Masters 18th"]
[Site "Gibraltar"]
[Date "2020.01.26"]
[Round "6.14"]
[White "Adhiban, Baskaran"]
[Black "Flom, Gabriel"]
[Result "1-0"]
[ECO "C18"]
[WhiteElo "2654"]
[BlackElo "2510"]
[PlyCount "51"]
[EventDate "2020.01.21"]
[EventType "swiss"]
[EventRounds "10"]
[EventCountry "GGB"]
[SourceTitle "BritBase"]
[Source "John Saunders"]
[SourceDate "2021.06.05"]
[SourceVersion "1"]
[SourceVersionDate "2021.06.05"]
[SourceQuality "1"]
[TimeControl "40/100:0"]
[WhiteClock "0:31:12"]
[BlackClock "0:32:44"]

1. e4 e6 2. d4 d5 3. Nc3 Bb4 4. e5 c5 5. a3 Ba5 6. b4 cxd4 7. Nb5 Bc7 8. f4 Nc6 9. Nf3 Nge7 10. Nxc7+ Qxc7 11. Bd3 a6 12. O-O g6 13. g4 h5 14. h3 Bd7 15. Bd2 Na7 16. a4 b5 17. a5 Nac6 18. Ng5 hxg4 19. hxg4 Ng8 20. Kg2 Nce7 21. Rh1 Rh6 22. Qf3 Rc8 23. Rxh6 Nxh6 24. Rh1 Neg8 25. Rh4 Kf8 26. Nh7+ 1-0

[Event "Gibraltar Masters 18th"]
[Site "Gibraltar"]
[Date "2020.01.26"]
[Round "6.15"]
[White "Lagarde, Maxime"]
[Black "Gagare, Shardul"]
[Result "0-1"]
[ECO "D37"]
[WhiteElo "2651"]
[BlackElo "2481"]
[PlyCount "84"]
[EventDate "2020.01.21"]
[EventType "swiss"]
[EventRounds "10"]
[EventCountry "GGB"]
[SourceTitle "BritBase"]
[Source "John Saunders"]
[SourceDate "2021.06.05"]
[SourceVersion "1"]
[SourceVersionDate "2021.06.05"]
[SourceQuality "1"]
[TimeControl "40/100:0"]
[WhiteClock "0:51:02"]
[BlackClock "0:43:43"]

1. d4 Nf6 2. c4 e6 3. Nf3 d5 4. Nc3 Be7 5. Bf4 O-O 6. e3 Nbd7 7. Be2 dxc4 8.
O-O a6 9. a4 c5 10. dxc5 Bxc5 11. Bxc4 b6 12. Qe2 Bb7 13. Rfd1 Qe7 14. Rd2 h6 15. Rad1 Rfc8 16. e4 Nf8 17. Bd6 Bxd6 18. Rxd6 Ng6 19. g3 Qc7 20. Bb3 Qc5 21. R6d4 b5 22. Ne1 b4 23. Nb1 a5 24. Qe3 Qh5 25.
f3 Ne5 26. Nd2 Ba6 27. Kg2 Nc6 28. Rd6 Qe5 29. Nb1 Nd5 30. R6xd5 exd5 31. Rxd5 Qxb2+ 32. Nd2 Rd8 33. Qf4 Ne5 34. Nc2 Rxd5 35. exd5 Nd3 36. Qe3 Qe5 37. Qxe5 Nxe5 38. Nd4 Bb7 39. f4 Nd7 40. Nc6 Nc5 41. Kf3 Ra6 42. Bc4 Bxc6 0-1

[Event "Gibraltar Masters 18th"]
[Site "Gibraltar"]
[Date "2020.01.26"]
[Round "6.16"]
[White "Donchenko, Alexander"]
[Black "Sardana, Rishi"]
[Result "1-0"]
[ECO "A29"]
[WhiteElo "2647"]
[BlackElo "2437"]
[PlyCount "253"]
[EventDate "2020.01.21"]
[EventType "swiss"]
[EventRounds "10"]
[EventCountry "GGB"]
[SourceTitle "BritBase"]
[Source "John Saunders"]
[SourceDate "2021.06.05"]
[SourceVersion "1"]
[SourceVersionDate "2021.06.05"]
[SourceQuality "1"]
[TimeControl "40/100:0"]
[WhiteClock "0:08:08"]
[BlackClock "0:02:28"]

1. c4 e5 2. g3 Nf6 3. Bg2 d5 4. cxd5 Nxd5 5. Nc3 Nb6 6. Nf3 Nc6 7. O-O Be7 8. d3 O-O 9. Be3 Re8 10. Rc1 Bf8 11. Ne4 Nd4 12. Re1 c6 13.
Nc5 Nxf3+ 14. Bxf3 Nd5 15. Bd2 b6 16. Ne4 Bb7 17. Nc3 Nxc3 18.
Rxc3 Qc7 19. Qa4 c5 20. Be4 Bxe4 21. Qxe4 Rad8 22. Be3 Qc8 23. Qa4 Qb7 24. Rec1 e4 25. Rd1 g6 26. Ra3 a5 27. Rb3 Re6 28.
Qxa5 exd3 29. Rdxd3 Rxd3 30. exd3 Qf3 31. Rxb6 Rxe3 32. fxe3 Qxe3+ 33. Kf1 Qxd3+ 34. Ke1 Qe3+ 35. Kd1 Qd3+ 36. Qd2 Qb1+ 37. Ke2 Qe4+ 38. Qe3 Qc2+ 39. Kf1 Qd1+ 40. Kf2 Qc2+ 41. Qe2 Qf5+ 42. Qf3 Qc2+ 43. Qe2 Qf5+ 44. Qf3 Qc2+ 45. Kg1 Qb1+ 46. Kg2 Qxa2 47. h4 h5 48. Kh2 Qa4 49. Qd5 Qg4 50. Rf6 Qe2+ 51. Kh3 Qg4+ 52. Kg2 Qe2+ 53. Rf2 Qe7 54. b3 Bg7 55. Rc2 Bd4 56. Qf3 Kg7 57. Re2 Qd7 58. Qe4 Qb5 59. Qf3 Qd7 60. Re4 Qa7 61. Kh2 Qa2+ 62. Re2 Qa7 63. Re1 Qd7 64. Rd1 Qa7 65. Qd3 Qa2+ 66. Kh3 Qa5 67. Qc4 Qa2 68. Qd3 Qa5 69. Qe4 Qb5 70. Rd3 Qa5 71. Rd1 Qb5 72. Rb1 Qd7+ 73. Kh2 Bc3 74. Rf1 Qd2+ 75. Kh3 Qd7+ 76. Kg2 Qa7 77. Qd5 Bd4 78. Kh3 Bf6 79. Rf4 Qb6 80. Re4 Qb5 81. Kg2 Qb8 82. Ra4 Qb5 83. Ra2 Qb6 84. Kh2 Bd4 85. Rd2 Bf6 86. Kg2 Bd4 87. Rc2 Qf6 88. Ra2 Qe7 89. Qf3 Qd7 90. Rd2 Qa7 91. Re2 Qc7 92. Qd5 Qa7 93. Re1 Qa2+ 94. Kh3 Qf2 95. Qe4 Qf6 96. Qe2 Qf5+ 97. Kg2 Qd7 98. Qf3 Qa7 99. Re4 Qa2+ 100. Kh3 Qa7 101. g4 Qd7 102. Kh2 hxg4 103. Rxg4 Be5+ 104. Kg1 Qd2 105. Re4 Bf6 106.
Kf1 Qd5 107. Kg2 Bd4 108. Rf4 Qe6 109. h5 gxh5 110. Qxh5 Kf8 111. Qf3 Qg6+ 112. Rg4 Qc2+ 113. Kh3 Qc3 114.
Qxc3 Bxc3 115. Rc4 Bb4 116. Kg4 Ke7 117. Kf5 f6 118. Re4+ Kd6 119. Kxf6 Bc3+ 120. Kf5 Bd4 121. Re8 Kc6 122. Ke4 Bg1 123. Kd3 Bh2 124. Kc4 Bd6 125. Re6 Kd7 126. Kd5 Bf8 127. Rc6 1-0

[Event "Gibraltar Masters 18th"]
[Site "Gibraltar"]
[Date "2020.01.26"]
[Round "6.17"]
[White "Ibarra Jerez, Jose Carlos"]
[Black "Durarbayli, Vasif"]
[Result "1-0"]
[ECO "B23"]
[WhiteElo "2548"]
[BlackElo "2625"]
[PlyCount "105"]
[EventDate "2020.01.21"]
[EventType "swiss"]
[EventRounds "10"]
[EventCountry "GGB"]
[SourceTitle "BritBase"]
[Source "John Saunders"]
[SourceDate "2021.06.05"]
[SourceVersion "1"]
[SourceVersionDate "2021.06.05"]
[SourceQuality "1"]
[TimeControl "40/100:0"]
[WhiteClock "0:24:27"]
[BlackClock "0:47:16"]

1. e4 c5 2. Nc3 d6 3. d4 cxd4 4. Qxd4 Nc6 5. Qd2 g6 6. b3 Bh6 7. f4 f5 8. Bb2 Nf6 9. Bd3 Qa5 10. exf5 Bxf5 11. Nge2 O-O-O 12. O-O-O Kb8 13. Kb1 Rhe8 14. Rhf1 Bc8 15. h3 e5 16. g4 exf4 17. Nxf4 Nb4 18. a3 Nxd3 19. Qxd3 Bg7 20. Qb5 Qxb5 21. Nxb5 g5 22. Rxd6 Bd7 23. Ne6 Bxb5 24. Rxd8+ Rxd8 25. c4 Ne4 26. Nxd8 Nd2+ 27. Kc2 Nxf1 28. Bxg7 Be8 29. Bh6 Bg6+ 30. Kc3 Ng3 31. Ne6 Ne4+ 32. Kd4 Nd2 33. Kc3 Ne4+ 34. Kd4 Nd2 35. b4 Nf3+ 36. Ke3 Ne5 37. Kd4 Nf3+ 38. Kc3 Kc8 39. Nxg5 Nxg5 40. Bxg5 a6 41. Kd4 Kd7 42. Bf4 Ke6 43. Kc5 Kd7 44. Kb6 Kc8 45. b5 axb5 46. cxb5 Bc2 47. h4 Ba4 48. g5 Kd7 49. h5 Ke6 50. g6 hxg6 51. h6 Kf7 52. Bg5 Kg8 53.
Ka5 1-0

[Event "Gibraltar Masters 18th"]
[Site "Gibraltar"]
[Date "2020.01.26"]
[Round "6.18"]
[White "Studer, Noel"]
[Black "Chigaev, Maksim"]
[Result "1-0"]
[ECO "D85"]
[WhiteElo "2546"]
[BlackElo "2616"]
[PlyCount "77"]
[EventDate "2020.01.21"]
[EventType "swiss"]
[EventRounds "10"]
[EventCountry "GGB"]
[SourceTitle "BritBase"]
[Source "John Saunders"]
[SourceDate "2021.06.05"]
[SourceVersion "1"]
[SourceVersionDate "2021.06.05"]
[SourceQuality "1"]
[TimeControl "40/100:0"]
[WhiteClock "0:04:10"]
[BlackClock "0:24:24"]

1. d4 Nf6 2. c4 g6 3. Nc3 d5 4. cxd5 Nxd5 5. e4 Nxc3 6. bxc3 Bg7 7. Qa4+ Nd7 8. Nf3 O-O 9. Be2 Nb6 10. Qb4 Qd6 11. O-O Qxb4 12. cxb4 Bg4 13. Be3 Rfd8 14. Rfd1 c6 15. a4 a5 16. b5 c5 17. dxc5 Rxd1+ 18.
Rxd1 Nxa4 19. Rc1 Nc3 20. Bc4 Be6 21. Bxe6 fxe6 22. Kf1 Nxb5 23. Rb1 Na7 24. Rxb7 a4 25. Bc1 Nc6 26. Ba3 Na5 27. Rb4 Nc6 28. Rb6 Na5 29. Rb4 Nc6 30. Rb6 Na5 31. c6 Rc8 32. Rb4 Nxc6 33.
Rxa4 h6 34. Rc4 Kf7 35. Ne1 Ra8 36. Bc1 Nd4 37. Bxh6 Nb3 38.
Be3 Ra2 39. Nf3 1-0

[Event "Gibraltar Masters 18th"]
[Site "Gibraltar"]
[Date "2020.01.26"]
[Round "6.19"]
[White "Krysa, Leandro"]
[Black "Yilmaz, Mustafa"]
[Result "1/2-1/2"]
[ECO "A37"]
[WhiteElo "2522"]
[BlackElo "2607"]
[PlyCount "63"]
[EventDate "2020.01.21"]
[EventType "swiss"]
[EventRounds "10"]
[EventCountry "GGB"]
[SourceTitle "BritBase"]
[Source "John Saunders"]
[SourceDate "2021.06.05"]
[SourceVersion "1"]
[SourceVersionDate "2021.06.05"]
[SourceQuality "1"]
[TimeControl "40/100:0"]
[WhiteClock "0:36:44"]
[BlackClock "0:16:08"]

1. c4 c5 2. g3 g6 3. Bg2 Bg7 4. Nc3 Nc6 5. Nf3 d6 6. O-O e6 7. b3 Nge7 8. Bb2 O-O 9. e3 d5 10. cxd5 Nxd5 11. d4 Nxc3 12. Bxc3 cxd4 13. Nxd4 Nxd4 14. Bxd4 Bxd4 15. Qxd4 Qxd4 16.
exd4 Rd8 17. Rfd1 Rb8 18. Rac1 b6 19. d5 exd5 20. Bxd5 Kf8 21. h4 h5 22. Bf3 Be6 23. Kf1 a5 24. Rxd8+ Rxd8 25. Ke2 a4 26. bxa4 Bxa2 27. Rc6 Bb3 28. Rxb6 Bxa4 29. Ke3 Ke7 30. Rb7+ Rd7 31. Rxd7+ Bxd7 32. Ke4 1/2-1/2